 Dungeon Crawl Stone Soup version 0.26-a0-831-g7192265339 (webtiles) character file.

Game seed: 11482873169110710448

86 reriks the Shield-Bearer (level 4, 0/29 HPs)
             Began as a Gargoyle Fighter on Nov 15, 2020.
             Killed by divine providence
             ... invoked by an orc priest
              (10 damage)
             ... on level 4 of the Dungeon.
             The game lasted 00:01:22 (1325 turns).

reriks the Shield-Bearer (Gargoyle Fighter)         Turns: 1325, Time: 00:01:23

Health: 0/29       AC: 10    Str: 20    XL:     4   Next: 49%
Magic:  4/4        EV:  7    Int:  9    God:
Gold:   168        SH: 10    Dex:  9    Spells: 3/3 levels left

rFire    . . .     SeeInvis .   a - +0 war axe
rCold    . . .     Faith    .   c - +1 kite shield
rNeg     + . .     Spirit   .   b - +0 scale mail
rPois    ∞         Reflect  .   (no helmet)
rElec    +         Harm     .   (no cloak)
rCorr    .         Rampage  .   (no gloves)
MR       .....                  (no boots)
Stlth    ..........             (no amulet)
HPRegen  0.09/turn              (no ring)
MPRegen  0.09/turn              (no ring)

@: hasted, very quick
A: negative energy resistance 1, electricity resistance, unbreathing,
petrification resistance, rot immunity, AC +3
a: no special abilities


You were on level 4 of the Dungeon.
You visited 1 branch of the dungeon, and saw 3 of its levels.

You collected 168 gold pieces.

Inventory:

Hand Weapons
 a - a +0 war axe (weapon)
Armour
 b - a +0 scale mail (worn)
 c - a +1 kite shield (worn)
Jewellery
 j - a cursed ring of attention
Scrolls
 f - a scroll of remove curse
Potions
 d - a potion of might
 i - 2 potions of brilliance


   Skills:
 + Level 4.0 Fighting
 + Level 2.5 Axes
 + Level 4.0 Armour
 + Level 4.0 Shields


You had 3 spell levels left.
You didn't know any spells.
Your spell library was empty.

Dungeon Overview and Level Annotations

Branches:
Dungeon (2/15)

Altars:
Fedhas
Gozag


Innate Abilities, Weirdness & Mutations

You are resistant to torment.
Your stone body is resilient. (AC +3)
You are immune to poison.
You resist negative energy. (rN+)
You are resistant to electric shocks. (rElec)
You can survive without breathing.
You are immune to petrification.
You are immune to rotting.


Message History

The orc priest barely misses you.
The orc wizard hits you but does no damage.
You hit the orc priest but do no damage.
The orc priest is almost dead.
You hit the orc wizard. You miss the adder.
The adder bites you but does no damage.
The orc wizard hits you but does no damage.
You block the orc priest's attack. The adder bites you.
You block the orc wizard's attack.
The orc priest casts a cantrip, but nothing happens.
The orc wizard gestures wildly while chanting.
The orc wizard flickers and vanishes!
Deactivating autopickup; reactivate with Ctrl-A.
Found a potion of haste.
Found a runed pearl amulet.
The orc priest looks encouraged for a moment.
There is a stone staircase leading up here.
The orc priest mumbles some strange prayers to Beogh against you.
Beogh smites you!
You die...

.# ..# ### ..##.#
..###......
#####..........
#..............
.#.##...........##
.......@............
....#...........##.# ##
. #....o......##.# .#
.....##B.......##.# .#
.....# #.#......##.###..
..... ##.###.##.....#...
##.#.##..###?...........
#.#....So###Z..........
. #"...#..##.S.........


You could see a worker ant, 2 orc priests, an adder and a bullfrog skeleton.

Vanquished Creatures
  A bullfrog skeleton (D:4)
  An adder (D:2)
  An ooze (D:2)
  A dart slug (D:1)
  2 leopard geckos
  2 bats
  2 giant cockroaches (D:2)
  6 goblins
  5 hobgoblins
  7 jackals (D:2)
  2 quokkas (D:2)
  2 ball pythons
  3 kobolds
  3 rats
38 creatures vanquished.

Vanquished Creatures (others)
  2 fungi (D:4)
2 creatures vanquished.

Grand Total: 40 creatures vanquished

Notes
Turn   | Place    | Note
-------+----------+-------------------------------------------
     0 | D:1      | reriks the Gargoyle Fighter began the quest for the Orb.
     0 | D:1      | Reached XP level 1. HP: 14/14 MP: 1/1
   191 | D:1      | Reached XP level 2. HP: 19/19 MP: 2/2
   887 | D:2      | Found a blossoming altar of Fedhas.
   895 | D:2      | Reached XP level 3. HP: 23/23 MP: 3/3
  1205 | D:2      | Reached XP level 4. HP: 29/29 MP: 4/4
  1261 | D:2      | You fall into a shaft and drop 2 floors!
  1262 | D:4      | Found an opulent altar of Gozag.
  1305 | D:4      | HP: 1/29 [orc priest (1)]
  1325 | D:4      | Killed from afar by an orc priest

Illustrated notes

Levels and vault maps discovered:
D:1:      scummos_arrival_simple_fountains, layout_loops_ring,
          serial_bayou_pond_c
D:2:      layout_loops_ring, fedhas_altar_2, uniq_natasha
D:4:      layout_rooms, overflow_temple_1_default, uniq_sigmund,
          uniq_crazy_yiuf_cottage

Skill      XL: |  1  2  3  4 |
---------------+-------------+-----
Axes           | 2 |  2.5
Fighting       | 4 |  4.0
Armour         | 4 |  4.0
Shields        | 4 |  4.0

Action                   |  1- 3 |  4- 6 || total
-------------------------+-------+-------++-------
Melee: War axe           |   116 |    19 ||   135
  Use: Scroll            |       |    10 ||    10
       Potion            |       |     2 ||     2
Armor: Scale mail        |    85 |    15 ||   100
Dodge: Dodged            |    52 |    11 ||    63
Block: Kite shield       |    77 |    16 ||    93

Table legend: (Time is in decaauts)
 A = Elapsed time spent in this place.
 B = Non-inter-level travel time spent in this place.
 C = Inter-level travel time spent in this place.
 D = Time resting spent in this place.
 E = Time spent auto-exploring this place.
 F = Levels seen in this place.
 G = Mean time per level.
                   A        B        C        D        E       F      G
               +--------+--------+--------+--------+--------+-----+--------+
         Total |   1391 |   1356 |     35 |      0 |   1031 |   3 |  463.7 |
       Dungeon |   1391 |   1356 |     35 |      0 |   1031 |   3 |  463.7 |
               +--------+--------+--------+--------+--------+-----+--------+

Top non-repeatable levels by time:
     D:1: 838 daAuts
     D:2: 489 daAuts
     D:4: 63 daAuts
